 Dungeon Crawl Stone Soup version 0.28.0-53-g5a82cb258f (webtiles) character file.

Game seed: 846939709413691546

5952 Icepheonix32 the Frost Mage (level 10, -6/79 HPs)
             Began as a Demonspawn Ice Elementalist on June 6, 2022.
             Was a Follower of Qazlal.
             Mangled by an orc knight
             ... wielding a +0 trident
              (29 damage)
             ... on level 7 of the Dungeon.
             The game lasted 00:20:18 (9632 turns).

Icepheonix32 the Frost Mage (DsIE)                  Turns: 9632, Time: 00:20:19

Health: -6/79      AC: 21    Str: 10    XL:     10   Next: 54%
Magic:  10/16      EV: 16    Int: 23    God:    Qazlal [*.....]
Gold:   357        SH:  1    Dex: 14    Spells: 1/17 levels left

rFire   x . .      SeeInvis .   w - +6 mace of Jusuaq {freeze, rC- Int+4}
rCold   . . .      Faith    .   (no shield)
rNeg    . . .      Spirit   .   l - +2 robe {Will+}
rPois   .          Reflect  .   (helmet restricted)
rElec   .          Harm     .   P - +1 cloak
rCorr   .          Rampage  .   z - +0 pair of gloves
Will    +....                   B - +1 pair of boots
Stlth   ++........              (no amulet)
HPRegen 0.23/turn               A - ring of ice
MPRegen 0.15/turn               G - +4 ring of evasion

@: mighty, ice-armoured, freezing walls
A: horns 2, slimy green scales 1, foul stench 1, powered by death 1
a: Renounce Religion


You were on level 7 of the Dungeon.
You worshipped Qazlal.
Qazlal was aware of your devotion.
You visited 2 branches of the dungeon, and saw 8 of its levels.
You also visited: Bailey.

You collected 451 gold pieces.
You spent 94 gold pieces at shops.

Inventory:

Hand Weapons
 c - a +0 dagger of electrocution
 e - a +2 dagger of protection
 i - a +0 spear
 j - a +0 arbalest
 n - a +4 falchion of draining
 v - a +3 antimagic short sword
 w - the +6 mace of Jusuaq (weapon) {freeze, rC- Int+4}
   (You found it on level 4 of the Dungeon)

   It freezes those it strikes, dealing additional cold damage.
   It can also slow down cold-blooded creatures.
   Int:       It affects your intelligence (+4).
   rC:        It makes you vulnerable to cold.
 x - a +2 vampiric hand axe
 C - a +3 dagger
 O - a +4 quarterstaff of chaos
 Q - the +8 mace "Spiderbane" {speed, rCorr Int-3 Dex+3}
   (You found it on level 2 of the Dungeon)

   Attacks with this weapon are significantly faster.
   Int:       It affects your intelligence (-3).
   Dex:       It affects your dexterity (+3).
   rCorr:     It protects you from acid and corrosion.
Missiles
 r - 5 boomerangs
 R - 2 boomerangs of dispersal
 S - 225 bolts
Armour
 l - a +2 robe of willpower (worn)
 z - a +0 pair of gloves (worn)
 B - a +1 pair of boots (worn)
 P - a +1 cloak (worn)
Jewellery
 A - a ring of ice (left hand)
 G - a +4 ring of evasion (right hand)
 K - a ring of protection from cold
Wands
 s - a wand of acid (7)
 I - a wand of mindburst (29)
Scrolls
 a - 2 scrolls of magic mapping
 b - a scroll of fear
 g - 3 scrolls of teleportation
 h - 2 scrolls of noise
Potions
 f - a potion of brilliance
 m - 2 potions of lignification {unknown}
 o - 2 potions of ambrosia {unknown}
 q - a potion of heal wounds
 t - 3 potions of haste {unknown}
 u - a potion of magic
 F - a potion of might
 M - a potion of flight
 N - a potion of resistance


   Skills:
 + Level 7.1 Fighting
 + Level 2.5 Long Blades
 + Level 4.4 Maces & Flails
 + Level 2.8 Dodging
 - Level 1.7 Stealth
 + Level 4.1 Spellcasting
 * Level 12.1 Ice Magic
 * Level 5.5 Invocations
 + Level 0.1 Evocations


You had one spell level left.
You knew the following spells:

 Your Spells              Type           Power      Damage    Failure   Level
a - Freeze                Ice            100%       1d11      1%          1
b - Ozocubu's Armour      Ice            74%        N/A       1%          3
c - Frozen Ramparts       Ice            100%       1d12      1%          3
d - Hailstorm             Conj/Ice       49%        3d11      9%          4
e - Metabolic Englaciati  Hex/Ice        24%        N/A       24%         5

Your spell library contained the following spells:

 Spells                   Type           Power      Damage    Failure   Level
 Petrify                  Tmut/Erth      4%         N/A       71%         4
 Statue Form              Tmut/Erth      2%         N/A       100%        6


Dungeon Overview and Level Annotations

Branches:
Dungeon (7/15)             Temple (1/1) D:5          Bailey (visited)

Altars:
Ashenzari
Cheibriados
Dithmenos
Fedhas
Gozag
Makhleb
Nemelex Xobeh
Okawaru
Qazlal
Ru
Sif Muna
Trog
Uskayaw
Vehumet
Wu Jian
Xom
Yredelemnul
Zin
The Shining One

Shops:
D:5 [

Annotations:
D:4 1 runed translucent door, Soldner's ghost, amateur MiFi


Innate Abilities, Weirdness & Mutations

You have a pair of horns on your head.
You are partially covered in slimy green scales. (AC +2)
You may rarely emit foul miasma when damaged in melee.
You regenerate a little health from kills.


Message History

The orc hits you but does no damage.
There is a gate leading back out of this place here.
The orc knight hits you with a +0 trident!!
Welcome back to the Dungeon!
There is an empty arch of ancient stone here.
Things that are here:
a +0 spear; a goblin skeleton Unknown command.
You feel very mighty all of a sudden. You block the orc knight's attack.
Casting: Freeze (safe; 1% risk of failure)
Confirm with . or Enter, or press ? or * to list all spells.
You feel a surge of power! A film of ice covers your body!
The orc knight hits you with a +0 trident!
Unknown command.
Casting: Ozocubu's Armour (safe; 1% risk of failure)
Confirm with . or Enter, or press ? or * to list all spells.
Casting: Frozen Ramparts (safe; 1% risk of failure)
Press: ? - help, Dir - look around, f - activate An empty arch of ancient stone, spattered with blood.
You feel a surge of power!
The walls around you are covered in ice.
The wall freezes the orc knight!
The orc knight closely misses you.
Unknown command.
You thump the orc knight! You freeze the orc knight.
Your headbutt misses the orc knight.
The orc knight is moderately wounded.
The wall freezes the orc knight!
The orc knight hits you with a +0 trident!
* * * LOW HITPOINT WARNING * * *
Unknown command.
You sock the orc knight! You freeze the orc knight.
The orc knight is heavily wounded.
The wall freezes the orc knight!
The orc knight hits you but does no damage.
You hit the orc knight. You freeze the orc knight. You headbutt the orc knight.
The orc knight is almost dead.
The wall freezes the orc knight.
The orc knight hits you with a +0 trident!!
You die...

*****,,≈,#.* #.#
,,,**,≈≈,#.* #.#
**,***≈≈,#.#### #.##
,,,* *,,*#....####..##
,*** ****#...........#
,,,*** #...≈≈≈≈≈≈≈.#
,,,,,****##..≈#####≈.#
≈,,,,,,,* #..≈#...#≈.#
,,,,,**** ##.≈#.@.#≈.#
,,,*** #.≈#[o)#≈.#
**** #.≈##.##≈.#
#.≈≈≈≈≈≈≈.#
#.........#
####.##.### *****
#....# ,,,,* ####.#
,,>,* ********,#


You could see an orc knight (strong).

Vanquished Creatures
  Sigmund (D:3)
  A wraith (D:6)
  10 orc warriors (Bailey)
  A sky beast (D:5)
  3 ice beasts (D:6)
  2 black bears
  An ogre (D:6)
  A centaur (D:6)
  2 phantoms (D:5)
  A bullfrog (D:6)
  A gnoll sergeant (D:6)
  A wyvern skeleton (D:6)
  A howler monkey (D:5)
  A jelly (D:6)
  A bullfrog zombie (D:5)
  A hound (D:6)
  Crazy Yiuf (D:2)
  Jessica (D:3)
  Terence (D:2)
  An iguana (D:6)
  8 orc wizards
  A hound skeleton (D:4)
  6 gnolls
  8 adders
  2 shadow imps
  A white imp (D:7)
  2 adder skeletons (D:4)
  A worm (D:5)
  A dart slug (D:5)
  30 orcs
  3 bats
  5 endoplasms
  5 giant cockroaches
  19 goblins
  15 hobgoblins
  3 quokkas
  5 ball pythons
  A frilled lizard (D:1)
  17 kobolds
  4 rats
170 creatures vanquished.

Vanquished Creatures (others)
  2 withered plants (D:4)
2 creatures vanquished.

Grand Total: 172 creatures vanquished

Notes
Turn   | Place    | Note
-------+----------+-------------------------------------------
     0 | D:1      | Icepheonix32 the Demonspawn Ice Elementalist began the
                  | quest for the Orb.
     0 | D:1      | Reached XP level 1. HP: 13/13 MP: 3/3
   410 | D:1      | Reached skill level 4 in Ice Magic
   410 | D:1      | Gained mutation: You may rarely emit foul miasma when
                  | damaged in melee. [demonic ancestry]
   410 | D:1      | Reached XP level 2. HP: 19/19 MP: 1/5
  1091 | D:1      | Reached XP level 3. HP: 22/24 MP: 6/6
  1120 | D:1      | Found a faded altar of an unknown god.
  1238 | D:1      | Learned a level 3 spell: Ozocubu's Armour
  2238 | D:2      | Noticed Terence
  2243 | D:2      | Killed Terence
  2244 | D:2      | Reached skill level 5 in Ice Magic
  2244 | D:2      | Gained mutation: You are partially covered in slimy green
                  | scales. (AC +2) [demonic ancestry]
  2244 | D:2      | Reached XP level 4. HP: 21/30 MP: 3/7
  2453 | D:2      | Found a runed translucent door.
  2454 | D:2      | Noticed Crazy Yiuf
  2621 | D:3      | Noticed Sigmund
  2752 | D:3      | Found a bloodstained altar of Trog.
  3140 | D:3      | Noticed Jessica
  3144 | D:3      | Killed Jessica
  3145 | D:3      | Gained mutation: You have a pair of small horns on your
                  | head. [demonic ancestry]
  3145 | D:3      | Reached XP level 5. HP: 36/36 MP: 8/8
  3323 | D:4      | Reached skill level 1 in Long Blades
  3567 | D:4      | Learned a level 3 spell: Frozen Ramparts
  3680 | D:4      | Found a runed translucent door.
  3680 | D:4      | Noticed Soldner's ghost (amateur MiFi)
  3719 | D:4      | Reached skill level 1 in Fighting
  3719 | D:4      | Reached skill level 6 in Ice Magic
  3723 | D:4      | Gained mutation: You have a pair of horns on your head.
                  | [demonic ancestry]
  3723 | D:4      | Reached XP level 6. HP: 16/43 MP: 2/9
  4271 | D:4      | Identified the +6 mace of Jusuaq {freeze, rC- Int+4}
  4697 | D:5      | Entered Level 5 of the Dungeon
  4755 | D:5      | Found Numn's Antique Armour Shop.
  4761 | D:5      | Bought a pair of gloves for 94 gold pieces
  5069 | D:5      | Noticed a sky beast
  5088 | D:5      | Gained mutation: You regenerate a little health from kills.
                  | [demonic ancestry]
  5088 | D:5      | Reached XP level 7. HP: 50/50 MP: 10/10
  5179 | D:5      | Reached skill level 1 in Maces & Flails
  5190 | D:5      | Reached skill level 7 in Ice Magic
  5378 | D:5      | Found a staircase to the Ecumenical Temple.
  5406 | Temple   | Entered the Ecumenical Temple
  5492 | Temple   | Became a worshipper of Qazlal Stormbringer
  6147 | D:6      | Reached skill level 1 in Invocations
  6191 | D:6      | Reached XP level 8. HP: 58/58 MP: 4/11
  7491 | D:6      | Reached skill level 8 in Ice Magic
  7816 | D:3      | Killed Sigmund
  7817 | D:3      | Reached XP level 9. HP: 61/64 MP: 7/14
  7905 | D:2      | Killed Crazy Yiuf
  7912 | D:2      | Identified the +8 mace "Spiderbane" {speed, rCorr Int-3
                  | Dex+3}
  8297 | D:7      | Found a flagged portal.
  8315 | Bailey   | Entered a bailey
  8335 | Bailey   | Reached * piety under Qazlal
  8379 | Bailey   | Learned a level 4 spell: Hailstorm
  8522 | Bailey   | Reached skill level 5 in Invocations
  9371 | Bailey   | Learned a level 5 spell: Metabolic Englaciation
  9389 | Bailey   | Reached skill level 9 in Ice Magic
  9620 | Bailey   | Reached skill level 12 in Ice Magic
  9620 | Bailey   | Reached XP level 10. HP: 79/79 MP: 16/16
  9623 | Bailey   | Noticed an orc knight
  9623 | Bailey   | Noticed an orc knight
  9632 | D:7      | Mangled by an orc knight

Illustrated notes

Levels and vault maps discovered:
D:1:      dpeg_arrival_leaves_temple_mockup, layout_basic,
          ebering_ecumenical_altar_box
D:2:      layout_basic, nicolae_concentric_dashed_squares_mild,
          uniq_crazy_yiuf_cottage, uniq_terence
D:3:      layout_rooms, mainiacjoe_overflow_alcove_1, uniq_jessica, uniq_sigmund
D:4:      corexii_shantytown, layout_cave_pools, gammafunk_ghost_grave,
          serial_glass, glass_columns_a, glass_columns_c,
          minmay_strange_pillars, minmay_a_box_with_orc_wizards_in_it
D:5:      layout_loops_corners, minmay_temple_entry_antechambers, serial_shops,
          nicolae_shop_crystal
D:6:      layout_gridville, minmay_diced_spiral
D:7:      nzn_winding_woodlands_three_and_one
          [nzn_winding_woodlands_5x15_sawtooth,
          nzn_winding_woodlands_5x15_sidewinder,
          nzn_winding_woodlands_5x15_pathside_ponds,
          nzn_winding_woodlands_center_garden], layout_basic, enter_bailey_3,
          nzn_ghost_randoct, uniq_maggie
Temple:   hc_temple_tempest_star

Skill      XL: |  1  2  3  4  5  6  7  8  9 |
---------------+----------------------------+-----
Ice Magic      | 4 5 6 7 8 12 | 12.1
Dodging        | 2 |  2.8
Long Blades    | 1 2 |  2.5
Fighting       | 1 2 3 7 |  7.1
Maces & Flails | 2 4 |  4.4
Invocations    | 1 4 5 |  5.5
Spellcasting   | 3 4 |  4.1
Stealth        | |  1.7
Evocations     | |  0.1

Action                   |  1- 3 |  4- 6 |  7- 9 | 10-12 || total
-------------------------+-------+-------+-------+-------++-------
Melee: Unarmed           |     6 |       |       |       ||     6
       Club              |     5 |       |       |       ||     5
       Dagger            |    84 |       |       |       ||    84
       Punch             |     2 |     2 |     2 |       ||     6
       Falchion          |       |    58 |    16 |       ||    74
       Headbutt          |       |    12 |    23 |     1 ||    36
       Mace              |       |    37 |   144 |     3 ||   184
 Cast: Freeze            |    29 |    22 |    13 |       ||    64
       Ozocubu's Armour  |       |     6 |    24 |     1 ||    31
       Frozen Ramparts   |       |     6 |    13 |     1 ||    20
Evoke: Wand              |       |       |     2 |       ||     2
  Use: Potion            |       |     4 |     3 |     1 ||     8
       Scroll            |       |       |    16 |       ||    16
 Stab: Sleeping          |     3 |     3 |     3 |       ||     9
Armor: Robe              |    22 |    40 |    78 |     2 ||   142
Dodge: Dodged            |    49 |    68 |   170 |     1 ||   288
Block: Other             |       |       |     3 |     1 ||     4
